AAA WEST
SACRAMENTO RIVER CATS @ EL PASO CHIHUAHUAS
04/26/2042
 
TOP OF THE 1ST
Sacramento River Cats batting - Pitching for El Paso Chihuahuas : RHP Dan Moore
Pitching: RHP Dan Moore
Batting: RHB Luis Hernández 0-0: Called Strike
0-1: SOLO HOME RUN (Flyball, 9LD, EV 93.1 MPH), Distance : 346 ft
Batting: RHB Kris Smith 0-0: Foul Ball, location: 9LSF
0-1: Ball
1-1: Foul Ball, location: 7LMF
1-2: Fly out, F7 (Flyball, 7, EV 94.4 MPH)
Batting: RHB Dewitt Mathews 0-0: Foul Ball, location: 9LMF
0-1: Called Strike
0-2: Ball
1-2: Ball
2-2: SOLO HOME RUN (Flyball, 7LD, EV 97.5 MPH), Distance : 364 ft
Batting: LHB Jesús Rivera 0-0: Swinging Strike
0-1: SINGLE (Line Drive, 7S, EV 96.9 MPH)
Batting: RHB Lou MacDonald 0-0: Ball
1-0: Ball
2-0: SINGLE (Groundball, 56D, EV 96.9 MPH)
Jesús Rivera to second
Batting: RHB José Simmons 0-0: Ball
1-0: Foul Ball, location: 2F
1-1: Called Strike
1-2: Ball
2-2: SINGLE (Line Drive, 4D, EV 100.6 MPH)
Jesús Rivera to third
Lou MacDonald to second
Batting: RHB Alfredo García 0-0: Fly out, F8 (Line Drive, 89S, EV 105.6 MPH)
Batting: LHB Luis Manuel Valéncia 0-0: Ground out 4-3 (Groundball, 4, EV 78.8 MPH)
Top of the 1st over - 2 runs, 5 hits, 0 errors, 3 left on base; Sacramento 2 - El Paso 0
BOTTOM OF THE 1ST
El Paso Chihuahuas batting - Pitching for Sacramento River Cats : LHP Mannus Berckel
Pitching: LHP Mannus Berckel
Batting: LHB Wilson Barrón 0-0: Foul Ball, location: 7LDF
0-1: DOUBLE (Line Drive, 7LM, EV 109.4 MPH)
Batting: RHB Josh Forrest 0-0: Ball
1-0: Ball
2-0: Fly out, F9 (Flyball, 9, EV 80.0 MPH)
Batting: LHB Freddy Newton 0-0: Ball
1-0: Ball
2-0: Called Strike
2-1: Fly out, F7 (Line Drive, 78D, EV 90.6 MPH)
Batting: RHB Jung-jun Moon 0-0: Ball
1-0: Called Strike
1-1: Foul Ball, location: 5F
1-2: Fly out, F7 (Line Drive, 78M, EV 86.3 MPH)
Bottom of the 1st over - 0 runs, 1 hit, 0 errors, 1 left on base; Sacramento 2 - El Paso 0
TOP OF THE 2ND
Sacramento River Cats batting - Pitching for El Paso Chihuahuas : RHP Dan Moore
Batting: RHB Jim Unknown 0-0: Called Strike
0-1: Ball
1-1: Foul Ball, location: 9LDF
1-2: Foul Ball, location: 2F
1-2: Ball
2-2: Fly out, F8 (Flyball, 8LD, EV 103.8 MPH)
Batting: RHB Luis Hernández 0-0: Ball
1-0: Foul Ball, location: 2F
1-1: Ball
2-1: Fly out, F3 (Popup, 3SF, EV 80.0 MPH)
Batting: RHB Kris Smith 0-0: Ball
1-0: Foul Ball, location: 7LDF
1-1: Foul Ball, location: 7LMF
1-2: Strikes out swinging
Top of the 2nd over - 0 runs, 0 hits, 0 errors, 0 left on base; Sacramento 2 - El Paso 0
BOTTOM OF THE 2ND
El Paso Chihuahuas batting - Pitching for Sacramento River Cats : LHP Mannus Berckel
Batting: LHB Gene Norman 0-0: Called Strike
0-1: Foul Ball, location: 3FF
0-2: Fly out, F9 (Flyball, 9S, EV 85.6 MPH)
Batting: RHB José Beltrán 0-0: Called Strike
0-1: Ball
1-1: Ground out 1-3 (Groundball, 34S, EV 70.0 MPH)
Batting: LHB Ignacio Villa 0-0: Ground out 4-3 (Groundball, 4, EV 100.0 MPH)
Bottom of the 2nd over - 0 runs, 0 hits, 0 errors, 0 left on base; Sacramento 2 - El Paso 0
TOP OF THE 3RD
Sacramento River Cats batting - Pitching for El Paso Chihuahuas : RHP Dan Moore
Batting: RHB Dewitt Mathews 0-0: Ball
1-0: Called Strike
1-1: Ball
2-1: Foul Ball, location: 3SF
2-2: Ground out U3 (Groundball, 13, EV 88.1 MPH)
Batting: LHB Jesús Rivera 0-0: Foul Ball, location: 7LSF
0-1: Ball
1-1: Ground out 4-3 (Groundball, 4S, EV 77.5 MPH)
Batting: RHB Lou MacDonald 0-0: Called Strike
0-1: SOLO HOME RUN (Flyball, 7LD, EV 95.6 MPH), Distance : 369 ft
Batting: RHB José Simmons 0-0: Swinging Strike
0-1: Ball
1-1: Fly out, F7 (Flyball, 7, EV 98.8 MPH)
Top of the 3rd over - 1 run, 1 hit, 0 errors, 0 left on base; Sacramento 3 - El Paso 0
BOTTOM OF THE 3RD
El Paso Chihuahuas batting - Pitching for Sacramento River Cats : LHP Mannus Berckel
Batting: RHB Esdras Ghasabov 0-0: Foul Ball, location: 5F
0-1: Ball
1-1: Ball
2-1: SINGLE (Groundball, 4MD, EV 98.8 MPH)
Batting: RHB Jim Unknown 0-0: Sac Bunt to 2L - play at first, batter OUT! 2-3
Esdras Ghasabov to second
Batting: LHB Wilson Barrón 0-0: Ball
1-0: Swinging Strike
1-1: Ground out U3 (Groundball, 3, EV 110.0 MPH)
Esdras Ghasabov to third
Batting: RHB Josh Forrest 0-0: Ball
1-0: Swinging Strike
1-1: Ball
2-1: Called Strike
2-2: Strikes out swinging
Bottom of the 3rd over - 0 runs, 1 hit, 0 errors, 1 left on base; Sacramento 3 - El Paso 0
TOP OF THE 4TH
Sacramento River Cats batting - Pitching for El Paso Chihuahuas : RHP Dan Moore
Batting: RHB Alfredo García 0-0: Ground out 4-3 (Groundball, 4, EV 88.8 MPH)
Batting: LHB Luis Manuel Valéncia 0-0: Ball
1-0: Foul Ball, location: 7LSF
1-1: DOUBLE (Flyball, 89D, EV 105.0 MPH)
Batting: RHB Jim Unknown 0-0: Called Strike
0-1: Ball
1-1: Swinging Strike
1-2: Foul Ball, location: 25FF
1-2: Foul Ball, location: 2F
1-2: Ball
2-2: Ground out 4-3 (Groundball, 4, EV 84.4 MPH)
Luis Manuel Valéncia to third
Batting: RHB Luis Hernández 0-0: Fly out, F7 (Line Drive, 7D, EV 93.8 MPH)
Top of the 4th over - 0 runs, 1 hit, 0 errors, 1 left on base; Sacramento 3 - El Paso 0
BOTTOM OF THE 4TH
El Paso Chihuahuas batting - Pitching for Sacramento River Cats : LHP Mannus Berckel
Batting: LHB Freddy Newton 0-0: Called Strike
0-1: Foul Ball, location: 2F
0-2: Fly out, F5 (Popup, 15, EV 84.4 MPH)
Batting: RHB Jung-jun Moon 0-0: Ball
1-0: Called Strike
1-1: Ball
2-1: SINGLE (Line Drive, 78S, EV 108.1 MPH)
Batting: LHB Gene Norman 0-0: Foul Ball, location: 7LMF
0-1: Foul Ball, location: 2F
0-2: Ball
1-2: Fly out, F9 (Flyball, 9, EV 97.5 MPH)
Batting: RHB José Beltrán 0-0: Ball
Jung-jun Moon steals 2nd base
1-0: Fly out, F5 (Popup, 5SF, EV 79.4 MPH)
Bottom of the 4th over - 0 runs, 1 hit, 0 errors, 1 left on base; Sacramento 3 - El Paso 0
TOP OF THE 5TH
Sacramento River Cats batting - Pitching for El Paso Chihuahuas : RHP Dan Moore
Batting: RHB Kris Smith 0-0: Called Strike
0-1: Ball
1-1: Swinging Strike
1-2: Fly out, F8 (Flyball, 8RD, EV 80.0 MPH)
Batting: RHB Dewitt Mathews 0-0: SINGLE (Groundball, 6MD, EV 100.0 MPH)
Batting: LHB Jesús Rivera 0-0: Called Strike
0-1: Called Strike
0-2: Ball
1-2: Ball
2-2: Grounds into double play, 2-6-3 (Groundball, 2R, EV 72.5 MPH)
Top of the 5th over - 0 runs, 1 hit, 0 errors, 0 left on base; Sacramento 3 - El Paso 0
BOTTOM OF THE 5TH
El Paso Chihuahuas batting - Pitching for Sacramento River Cats : LHP Mannus Berckel
Batting: LHB Ignacio Villa 0-0: Called Strike
0-1: Fly out, F8 (Line Drive, 8RM, EV 97.5 MPH)
Batting: RHB Esdras Ghasabov 0-0: Called Strike
0-1: Ball
1-1: Foul Ball, location: 2F
1-2: Ball
2-2: SINGLE (Groundball, 4MD, EV 108.1 MPH)
Batting: RHB Jim Unknown 0-0: Fly out, F8 (Flyball, 8RS, EV 96.3 MPH)
Batting: LHB Wilson Barrón 0-0: Fly out, F5 (Popup, 25F, EV 89.4 MPH)
Bottom of the 5th over - 0 runs, 1 hit, 0 errors, 1 left on base; Sacramento 3 - El Paso 0
TOP OF THE 6TH
Sacramento River Cats batting - Pitching for El Paso Chihuahuas : RHP Dan Moore
Batting: RHB Lou MacDonald 0-0: Ball
1-0: Ball
2-0: Called Strike
2-1: Ground out 4-3 (Groundball, 4M, EV 87.5 MPH)
Batting: RHB José Simmons 0-0: Ball
1-0: SINGLE (Line Drive, 5D, EV 97.5 MPH)
Batting: RHB Alfredo García 0-0: Ball
1-0: Called Strike
1-1: Ball
2-1: SINGLE (Groundball, 34D, EV 96.9 MPH)
José Simmons to second
Runner from 2nd tries for 3rd, SAFE, no throw by RF
Batting: LHB Luis Manuel Valéncia 0-0: Foul Ball, location: 2F
0-1: DOUBLE (Line Drive, 89D, EV 105.0 MPH)
José Simmons scores
Alfredo García to third
Runner from 3rd tries for Home, SAFE, throw by CF to trailing runner, OUT at third! 8-3-5
Batting: RHB Jim Unknown 0-0: Called Strike
0-1: Called Strike
0-2: Ball
1-2: Ball
2-2: Foul Ball, location: 9LMFF
2-2: Strikes out swinging
Top of the 6th over - 2 runs, 3 hits, 0 errors, 0 left on base; Sacramento 5 - El Paso 0
BOTTOM OF THE 6TH
El Paso Chihuahuas batting - Pitching for Sacramento River Cats : LHP Mannus Berckel
Batting: RHB Josh Forrest 0-0: Ball
1-0: Ball
2-0: Called Strike
2-1: Foul Ball, location: 7LSF
2-2: Ground out 6-3 (Groundball, 6, EV 105.0 MPH)
Batting: LHB Freddy Newton 0-0: Called Strike
0-1: Swinging Strike
0-2: Strikes out swinging
Batting: RHB Jung-jun Moon 0-0: Ball
1-0: Ball
2-0: Called Strike
2-1: Foul Ball, location: 2F
2-2: Ball
3-2: Base on Balls
Batting: LHB Gene Norman 0-0: Swinging Strike
0-1: Foul Ball, location: 2F
0-2: Ball
1-2: Foul Ball, location: 2F
1-2: Ball
Jung-jun Moon steals 2nd base (no throw)
2-2: Ball
3-2: SINGLE (Line Drive, 8RS, EV 109.4 MPH)
Jung-jun Moon to third
Runner from 3rd tries for Home, SAFE, throw by CF to home
Gene Norman to second
Batting: RHB José Beltrán 0-0: Ball
1-0: Called Strike
1-1: Ball
2-1: SINGLE (Groundball, 6MD, EV 104.4 MPH)
Gene Norman to third
Runner from 3rd tries for Home, SAFE, throw by CF to home
Batting: LHB Ignacio Villa 0-0: Called Strike
0-1: Ball
1-1: Ball
2-1: Ball
3-1: Base on Balls
José Beltrán to second
Batting: RHB Esdras Ghasabov 0-0: Ball
1-0: Fielders Choice at 2nd, 5-4 (Groundball, 56, EV 84.4 MPH)
Bottom of the 6th over - 2 runs, 2 hits, 0 errors, 2 left on base; Sacramento 5 - El Paso 2
TOP OF THE 7TH
Sacramento River Cats batting - Pitching for El Paso Chihuahuas : RHP Dan Moore
Pitching: RHP Pat Gardner
Batting: RHB Luis Hernández 0-0: Ball
1-0: Called Strike
1-1: Called Strike
1-2: Foul Ball, location: 2F
1-2: Ball
2-2: Strikes out swinging, 2-3 out at first.
Batting: RHB Kris Smith 0-0: Ball
1-0: Ball
2-0: Fly out, F9 (Line Drive, 89M, EV 96.3 MPH)
Batting: RHB Dewitt Mathews 0-0: Ball
1-0: Hit by Pitch
Batting: LHB Jesús Rivera 0-0: Foul Ball, location: 2F
0-1: Ball
1-1: Ball
2-1: Foul Ball, location: 7LMF
2-2: Ball
3-2: Base on Balls
Dewitt Mathews to second
Batting: RHB Lou MacDonald 0-0: Foul Ball, location: 2F
0-1: Ball
1-1: Swinging Strike
1-2: Reached on error, E3 (Groundball, 34, EV 81.9 MPH)
Dewitt Mathews scores
Jesús Rivera to third
Batting: RHB José Simmons 0-0: Called Strike
0-1: Called Strike
0-2: Strikes out swinging
Top of the 7th over - 1 run, 0 hits, 1 error, 2 left on base; Sacramento 6 - El Paso 2
BOTTOM OF THE 7TH
El Paso Chihuahuas batting - Pitching for Sacramento River Cats : LHP Mannus Berckel
Batting: RHB Jim Unknown 0-0: Called Strike
0-1: Hit by Pitch
Pitching: RHP Dusty James
Batting: LHB Wilson Barrón 0-0: Ball
1-0: Ball
2-0: Ball
Passed Ball!
Jim Unknown to second
3-0: Base on Balls
Batting: RHB Josh Forrest 0-0: Ball
1-0: Called Strike
1-1: Ball
2-1: Called Strike
2-2: Ball
3-2: Foul Ball, location: 9LSF
3-2: Foul Ball, location: 5FF
3-2: Fly out, F9 (Line Drive, 9LM, EV 89.4 MPH)
Batting: LHB Freddy Newton 0-0: Ball
1-0: Ball
2-0: Foul Ball, location: 7LMF
2-1: Ball
3-1: Base on Balls
Jim Unknown to third
Wilson Barrón to second
Batting: RHB Jung-jun Moon 0-0: Foul Ball, location: 5F
0-1: Fly out, F8 (Flyball, 8LM, EV 97.5 MPH)
Runner from 3rd tags up, SCORES, throw by CF
Wilson Barrón to third
Batting: LHB Gene Norman 0-0: Ball
1-0: Ball
2-0: Called Strike
2-1: 3-RUN HOME RUN (Flyball, 9D, EV 100.0 MPH), Distance : 384 ft
Pitching: LHP Juan Díaz
Batting: RHB José Beltrán 0-0: Swinging Strike
0-1: Ball
1-1: Foul Ball, location: 9LMF
1-2: Ball
2-2: Ball
3-2: TRIPLE (Line Drive, 8LXD, EV 103.8 MPH)
Batting: LHB Ignacio Villa 0-0: Called Strike
0-1: Ball
1-1: Foul Ball, location: 3FF
1-2: Ball
2-2: Strikes out swinging
Bottom of the 7th over - 4 runs, 2 hits, 0 errors, 1 left on base; Sacramento 6 - El Paso 6
TOP OF THE 8TH
Sacramento River Cats batting - Pitching for El Paso Chihuahuas : RHP Pat Gardner
Batting: RHB Alfredo García 0-0: Foul Ball, location: 2F
0-1: Ground out 4-3 (Groundball, 34, EV 110.0 MPH)
Batting: LHB Luis Manuel Valéncia 0-0: Called Strike
0-1: Ball
1-1: Ball
2-1: Called Strike
2-2: Foul Ball, location: 3F
2-2: Strikes out looking
Batting: LHB Steve Browning 0-0: Called Strike
0-1: Called Strike
0-2: Strikes out looking
Top of the 8th over - 0 runs, 0 hits, 0 errors, 0 left on base; Sacramento 6 - El Paso 6
BOTTOM OF THE 8TH
El Paso Chihuahuas batting - Pitching for Sacramento River Cats : LHP Juan Díaz
Batting: RHB Esdras Ghasabov 0-0: Called Strike
0-1: Ball
1-1: Called Strike
1-2: Ground out 5-3 (Groundball, 5, EV 84.4 MPH)
Batting: RHB Jim Unknown 0-0: Fly out, F9 (Flyball, 89D, EV 83.8 MPH)
Batting: LHB Wilson Barrón 0-0: Ground out 4-3 (Groundball, 4, EV 93.1 MPH)
Bottom of the 8th over - 0 runs, 0 hits, 0 errors, 0 left on base; Sacramento 6 - El Paso 6
TOP OF THE 9TH
Sacramento River Cats batting - Pitching for El Paso Chihuahuas : RHP Pat Gardner
Batting: RHB Luis Hernández 0-0: Ball
1-0: DOUBLE (Groundball, 5L, EV 106.3 MPH)
Batting: RHB Kris Smith 0-0: Sac Bunt to 5S - play at first, batter OUT! 5-3
Luis Hernández to third
Batting: RHB Dewitt Mathews 0-0: Called Strike
0-1: Foul Ball, location: 25FF
0-2: Ball
1-2: Ball
2-2: Fielders Choice at home, 5-2 (Groundball, 5, EV 91.9 MPH)
Batting: LHB Jesús Rivera 0-0: Called Strike
0-1: Ground out 1-3 (Groundball, P, EV 73.1 MPH)
Top of the 9th over - 0 runs, 1 hit, 0 errors, 1 left on base; Sacramento 6 - El Paso 6
BOTTOM OF THE 9TH
El Paso Chihuahuas batting - Pitching for Sacramento River Cats : LHP Juan Díaz
Pitching: LHP Ismael Arechar
Batting: RHB Josh Forrest 0-0: Ball
1-0: Foul Ball, location: 23F
1-1: Ball
2-1: Ball
3-1: Base on Balls
Batting: LHB Freddy Newton 0-0: Ball
1-0: Ball
2-0: Ball
3-0: SINGLE (Groundball, 56D, EV 101.9 MPH)
Josh Forrest to second
Batting: RHB Jung-jun Moon 0-0: Called Strike
0-1: Fielders Choice at 2nd, 5-4 (Groundball, 5, EV 92.5 MPH)
Josh Forrest to third
Batting: LHB Gene Norman 0-0: Ball
1-0: Ball
2-0: Ball
3-0: Called Strike
3-1: Base on Balls
Jung-jun Moon to second
Batting: RHB José Beltrán 0-0: Called Strike
0-1: Foul Ball, location: 9LMF
0-2: Foul Ball, location: 2F
0-2: Ball
1-2: Ball
2-2: Ball
3-2: Base on Balls
Josh Forrest scores
Jung-jun Moon to third
Gene Norman to second
Bottom of the 9th over - 1 run, 1 hit, 0 errors, 3 left on base; Sacramento 6 - El Paso 7
Friday, May 3rd , 2024 - OOTP Baseball 24.10 Build 82